 Dungeon Crawl Stone Soup version 0.27.0-1-g7a089689b8 (webtiles) character file.

Game seed: 407731505213645411

73 Sweetruy1997 the Skirmisher (level 4, 0/37 HPs)
             Began as a Formicid Abyssal Knight on Aug 5, 2021.
             Was a Believer of Lugonu.
             Succumbed to an adder's poison
             ... on level 2 of the Dungeon.
             The game lasted 00:04:00 (1996 turns).

Sweetruy1997 the Skirmisher (FoAK)                  Turns: 1996, Time: 00:04:01

Health: 0/37       AC:  5    Str: 17    XL:     4   Next: 51%
Magic:  5/5        EV: 11    Int: 12    God:    Lugonu [**....]
Gold:   94         SH:  0    Dex: 10    Spells: 3/3 levels left

rFire    . . .     SeeInvis +   a - +1 spear
rCold    . . .     Faith    .   (no shield)
rNeg     . . .     Spirit   .   b - +0 leather armour
rPois    .         Reflect  .   (helmet unavailable)
rElec    .         Harm     .   (no cloak)
rCorr    +         Rampage  .   (no gloves)
Will     .....                  (no boots)
Stlth    +.........             (no amulet)
HPRegen  0.12/turn              h - ring of resist corrosion
MPRegen  0.09/turn              (no ring)

@: lethally poisoned (0 -> -6)
A: permanent stasis, dig shafts and tunnels, antennae 3, four strong arms, beak,
iridescent scales 1, inability to read while threatened
a: Dig, Shaft Self, Renounce Religion, Depart the Abyss, Bend Space


You were on level 2 of the Dungeon.
You worshipped Lugonu.
Lugonu was pleased with you.
You visited 1 branch of the dungeon, and saw 2 of its levels.
You visited the Abyss 1 time.

You collected 94 gold pieces.

Inventory:

Hand Weapons
 a - a +1 spear (weapon)
Armour
 b - a +0 leather armour (worn)
Jewellery
 h - a ring of resist corrosion (left hand)
Scrolls
 f - a scroll of amnesia {unknown}
Potions
 e - a potion of invisibility {unknown}
 g - a potion of attraction {unknown}


   Skills:
 + Level 4.0 Fighting
 + Level 3.2 Polearms
 + Level 2.4 Armour
 + Level 1.4 Dodging
 + Level 0.5 Stealth
 + Level 2.3 Invocations


You had 3 spell levels left.
You didn't know any spells.
Your spell library was empty.

Dungeon Overview and Level Annotations

Branches:
Dungeon (2/15)

Altars:
Okawaru


Innate Abilities, Weirdness & Mutations

You cannot be hasted, slowed, berserked, paralysed or teleported.
You can dig through walls and to a lower floor.
You have a pair of large antennae on your head. (SInv)
Your four strong arms can wield two-handed weapons with a shield.
You have a beak for a mouth.
You are partially covered in iridescent scales. (AC +2)
You sometimes lose the ability to read scrolls when taking damage.


Message History

You barely miss the adder.
The adder is severely wounded.
The adder misses you.
You barely miss the adder.
The adder is severely wounded.
The adder bites you but does no damage.
You closely miss the adder.
The adder is severely wounded.
The adder closely misses you. x2
You hit the adder.
The adder is almost dead.
The adder bites you but does no damage.
You hit the adder.
You kill the adder!
Lugonu accepts your kill.
You miss the adder. The adder bites you.
* * * LOW HITPOINT WARNING * * *
You hit the adder.
The adder is lightly wounded.
The adder closely misses you. The adder bites you but does no damage.
It was a potion of curing.
You feel better. The adder barely misses you.
You closely miss the adder.
The adder is lightly wounded.
The adder completely misses you.
You hit the adder.
The adder is heavily wounded.
The adder bites you.
* * * LOW HITPOINT WARNING * * *
You completely miss the adder.
The adder is heavily wounded.
The adder bites you.
* * * LOW HITPOINT WARNING * * *
You are lethally poisoned!
The adder poisons you! The adder bites you.
* * * LOW HITPOINT WARNING * * *
It was a potion of mutation.
You feel extremely strange.
Iridescent scales grow over part of your body.
You lose the ability to read scrolls when threatened.
Your mouth lengthens and hardens into a beak!
You die...

......#................#
.......................#
........................
........................
........................
........#####...........
#######.# ######......
#S# #....). #@# #....##
#.# #....# ..# #....#
#### #....# #....#
######


You could see an adder.

Vanquished Creatures
  An adder (D:2)
  4 dart slugs
  2 ball pythons (D:1)
  7 bats
  3 endoplasms
  2 giant cockroaches
  3 goblins
  3 hobgoblins
  12 jackals
  4 kobolds
  4 quokkas
  4 frilled lizards
  A rat (D:2)
50 creatures vanquished.

Vanquished Creatures (others)
  4 toadstools (D:1)
4 creatures vanquished.

Grand Total: 54 creatures vanquished

Notes
Turn   | Place    | Note
-------+----------+-------------------------------------------
     0 | Abyss:1  | Sweetruy1997 the Formicid Abyssal Knight began the quest
                  | for the Orb.
     0 | Abyss:1  | Reached XP level 1. HP: 18/18 MP: 2/2
    38 | Abyss:1  | Noticed a small abomination
    42 | D:1      | Escaped the Abyss
    77 | D:1      | Reached skill level 1 in Dodging
   112 | D:1      | Reached * piety under Lugonu
   117 | D:1      | Reached XP level 2. HP: 4/24 MP: 3/3
   515 | D:1      | Reached XP level 3. HP: 22/29 MP: 4/4
  1338 | D:2      | Reached ** piety under Lugonu
  1344 | D:2      | Reached XP level 4. HP: 28/37 MP: 5/5
  1541 | D:2      | Found an iron altar of Okawaru.
  1977 | D:2      | Reached skill level 4 in Fighting
  1996 | D:2      | Gained mutation: You are partially covered in iridescent
                  | scales. (AC +2) [potion of mutation]
  1996 | D:2      | Gained mutation: You sometimes lose the ability to read
                  | scrolls when taking damage. [potion of mutation]
  1996 | D:2      | Gained mutation: You have a beak for a mouth. [potion of
                  | mutation]
  1996 | D:2      | Succumbed to an adder's poison

Illustrated notes

Levels and vault maps discovered:
D:1:      ldierk_walled_garden_2, layout_basic
D:2:      layout_basic, hellmonk_ecumenical_altar_run_dry, basic_altar,
          serial_shops, nicolae_shop_behind_doors

Skill      XL: |  1  2  3  4 |
---------------+-------------+-----
Dodging        | 1 |  1.4
Polearms       | 3 |  3.2
Fighting       | 4 |  4.0
Armour         | |  2.4
Stealth        | |  0.5
Invocations    | |  2.3

Action                   |  1- 3 |  4- 6 || total
-------------------------+-------+-------++-------
Melee: Spear             |   117 |    71 ||   188
Invok: Depart the Abyss  |     1 |       ||     1
  Use: Potion            |       |     2 ||     2
Armor: Leather armour    |    50 |    21 ||    71
Dodge: Dodged            |    77 |    32 ||   109
